 Dungeon Crawl Stone Soup version 0.29-a0-330-g52719c12eb (webtiles) character file.

Game seed: 10818645272785185506

764 kae the Magician (level 7, -4/40 HPs)
             Began as a Deep Elf Fire Elementalist on May 4, 2022.
             Slain by a yak (15 damage)
             ... on level 6 of the Dungeon.
             The game lasted 00:04:30 (6537 turns).

kae the Magician (Deep Elf Fire Elementalist)       Turns: 6537, Time: 00:04:31

Health: -4/40      AC:  3    Str:  5    XL:     7   Next: 51%
Magic:  20/26      EV: 18    Int: 22    God:
Gold:   217        SH:  0    Dex: 15    Spells: 4/17 levels left

rFire   . . .      SeeInvis .   d - +1 dagger (pain)
rCold   . . .      Faith    .   (no shield)
rNeg    . . .      Spirit   .   a - +1 robe
rPois   .          Reflect  .   (no helmet)
rElec   .          Harm     .   (no cloak)
rCorr   .          Rampage  .   (no gloves)
Will    .....                   (no boots)
Stlth   ++........              (no amulet)
HPRegen 0.13/turn               k - ring of magical power
MPRegen 0.20/turn               m - +4 ring of evasion

@: no status effects
A: no striking features
a: no special abilities


You were on level 6 of the Dungeon.
You visited 1 branch of the dungeon, and saw 6 of its levels.

You collected 217 gold pieces.

Inventory:

Hand Weapons
 d - a +1 dagger of pain (weapon)
Armour
 a - a +1 robe (worn)
Jewellery
 i - a ring of willpower
 k - a ring of magical power (left hand)
 l - a ring of protection from cold
 m - a +4 ring of evasion (right hand)
Wands
 r - a wand of iceblast (8)
Scrolls
 c - 6 scrolls of identify
 f - 3 scrolls of enchant weapon
 g - 4 scrolls of magic mapping
 n - 3 scrolls of amnesia
 o - a scroll of teleportation
 q - 3 scrolls of acquirement {unknown}
Potions
 b - a potion of magic
 e - 2 potions of brilliance
 h - 3 potions of curing
 j - 3 potions of attraction
 p - 2 potions of heal wounds


   Skills:
 + Level 2.8 Fighting
 + Level 5.0 Dodging
 - Level 2.4 Stealth
 + Level 5.7 Spellcasting
 + Level 4.0 Conjurations
 + Level 5.2 Fire Magic


You had 4 spell levels left.
You knew the following spells:

 Your Spells              Type           Power      Damage    Failure   Level
a - Foxfire               Conj/Fire      100%       2x1d9     1%          1
b - Scorch                Fire           58%        2d7       1%          2
c - Conjure Flame         Conj/Fire      26%        6-21      4%          3
d - Inner Flame           Hex/Fire       17%        N/A       10%         3
e - Flame Wave            Conj/Fire      26%        2d7       14%         4

Your spell library contained the following spells:

 Spells                   Type           Power      Damage    Failure   Level
 Animate Skeleton         Necr           12%        N/A       10%         1
 Apportation              Tloc           12%        N/A       10%         1
 Beastly Appendage        Tmut           12%        N/A       10%         1
 Summon Small Mammal      Summ           24%        N/A       10%         1
 Corpse Rot               Necr/Air       12%        N/A       14%         2
 Poisonous Vapours        Pois/Air       12%        N/A       14%         2
 Wereblood                Tmut           6%         N/A       14%         2
 Ignite Poison            Fire/Tmut/Pois 14%        N/A       14%         3
 Sticky Flame             Conj/Fire      26%        2d5       14%         4
 Gell's Gravitas          Tloc           6%         N/A       28%         3
 Spider Form              Tmut/Pois      6%         N/A       28%         3
 Teleport Other           Tloc           6%         N/A       28%         3
 Dispersal                Tloc           3%         N/A       100%        6


Dungeon Overview and Level Annotations

Branches:
Dungeon (6/15)
 Temple: D:4-7

Altars:

Shops:
D:4 (   D:5 :

Annotations:
D:4 2 transporters, exclusion: ogre


Message History

The foxfire hits the bullfrog!
The bullfrog is moderately wounded.
The foxfire hits the bullfrog.
The bullfrog is heavily wounded.
A yak comes into view.
Casting: Foxfire (safe; 1% risk of failure)
Confirm with . or Enter, or press ? or * to list all spells.
The fire begins to smoulder!
The yak bellows!
The yak snorts and paws the ground.
The fire ignites!
Casting: Conjure Flame (dangerous; 4% risk of failure)
Confirm with . or Enter, or press ? or * to list all spells.
You conjure some foxfire!
The foxfire hits the yak.
The yak is lightly wounded.
The foxfire hits the yak.
The yak is lightly wounded.
You hit the yak.
The yak is lightly wounded.
The yak is engulfed in blazing flames.
The yak completely misses you.
Casting: Foxfire (safe; 1% risk of failure)
Confirm with . or Enter, or press ? or * to list all spells.
Flames lash the bullfrog.
The bullfrog is severely wounded.
The bullfrog's fire resistance burns away.
The yak gores you! The yak gores you.
Casting: Scorch (safe; 1% risk of failure)
Confirm with . or Enter, or press ? or * to list all spells.
You conjure some foxfire!
The yak gores you!
The yak is engulfed in blazing flames.
The foxfire hits the yak.
The yak is moderately wounded.
The foxfire hits the yak.
The yak is moderately wounded.
The yak gores you.
* * * LOW HITPOINT WARNING * * *
The yak gores you!
You die...

.....###..........#
...........
.......§#...#######
#.....<....
....#....#)).#
#..........
#........##).##
#..........
#.#.#.....##..##
#..........
#.........###..##
#.##......#
#.#.#......##...#
#.....#....###.§##
#.#####...## ##.@##
## ##.## ##YY# ###
##Y## #F.#
##....... #......
...... ...... .#...


You could see 3 yaks and a bullfrog (combustible).

Vanquished Creatures
  An orc warrior (D:5)
  A black bear (D:5)
  A centaur (D:6)
  A scorpion (D:5)
  2 hounds
  2 jellies
  An orc priest (D:5)
  An orc wizard (D:5)
  8 gnolls
  6 adders
  A shadow imp (D:6)
  2 ufetubi
  4 worms
  3 dart slugs
  7 orcs
  5 ball pythons
  8 bats
  4 endoplasms
  4 giant cockroaches
  8 goblins
  8 hobgoblins
  7 jackals
  5 kobolds
  7 quokkas
  5 frilled lizards
  4 rats
106 creatures vanquished.

Vanquished Creatures (others)
  418 foxfires
418 creatures vanquished.

Grand Total: 524 creatures vanquished

Notes
Turn   | Place    | Note
-------+----------+-------------------------------------------
     0 | D:1      | kae the Deep Elf Fire Elementalist began the quest for the
                  | Orb.
     0 | D:1      | Reached XP level 1. HP: 10/10 MP: 6/6
   219 | D:1      | Reached XP level 2. HP: 16/16 MP: 5/8
   759 | D:1      | Reached XP level 3. HP: 18/20 MP: 4/9
   762 | D:1      | Learned a level 2 spell: Scorch
   766 | D:1      | Learned a level 3 spell: Conjure Flame
  1173 | D:2      | Reached skill level 1 in Fighting
  1722 | D:2      | Reached XP level 4. HP: 25/25 MP: 8/11
  1911 | D:2      | Found a faded altar of an unknown god.
  2571 | D:3      | Found a glowing drain.
  3614 | D:4      | Found a transporter.
  3663 | D:4      | Reached XP level 5. HP: 29/29 MP: 13/13
  3805 | D:4      | Learned a level 3 spell: Inner Flame
  3884 | D:4      | Found Gioput's Antique Weapon Emporium.
  3957 | D:4      | Found a transporter.
  3986 | D:4      | Noticed an ogre
  4405 | D:5      | Entered Level 5 of the Dungeon
  4470 | D:5      | Noticed an orc warrior
  4585 | D:5      | Reached XP level 6. HP: 35/35 MP: 15/15
  4656 | D:5      | Learned a level 4 spell: Flame Wave
  5135 | D:5      | Reached skill level 5 in Spellcasting
  5340 | D:5      | Found Mistuku's Book Boutique.
  5437 | D:5      | Killed an orc warrior
  5438 | D:5      | Reached skill level 5 in Fire Magic
  5438 | D:5      | Reached XP level 7. HP: 40/40 MP: 13/17
  6465 | D:6      | Reached skill level 5 in Dodging
  6523 | D:6      | Noticed a yak
  6523 | D:6      | Noticed a yak
  6524 | D:6      | Noticed a yak
  6526 | D:6      | Noticed a yak
  6537 | D:6      | Slain by a yak

Illustrated notes

Levels and vault maps discovered:
D:1:      psy_arrival_conway, layout_basic
D:2:      layout_basic, dreamdust_ecumenical_altar_angels_and_demons,
          corner_web_ring, st_stairs_14
D:3:      layout_rooms, portal_sewer_entry_f
D:4:      gammafunk_wand_slinger, layout_basic, serial_shops,
          nicolae_diamond_shop
D:5:      layout_cave_pods, serial_shops, nicolae_take_the_stairs
D:6:      layout_cave_pods, kennysheep_mini, serial_glass, glass_columns_a,
          glass_columns_a, glass_columns_a, glass_columns_c, glass_columns_a

Skill      XL: |  1  2  3  4  5  6  7 |
---------------+----------------------+-----
Dodging        | 3 4 5 |  5.0
Fighting       | 1 2 |  2.8
Conjurations   | 2 3 4 |  4.0
Spellcasting   | 4 5 |  5.7
Fire Magic     | 4 5 |  5.2
Stealth        | |  2.4

Action                   |  1- 3 |  4- 6 |  7- 9 || total
-------------------------+-------+-------+-------++-------
Melee: Unarmed           |     1 |       |       ||     1
       Dagger            |       |       |     1 ||     1
 Cast: Foxfire           |    75 |   134 |    30 ||   239
       Scorch            |     7 |    25 |     4 ||    36
       Conjure Flame     |       |     2 |     1 ||     3
  Use: Scroll            |     5 |     6 |     2 ||    13
Armor: Robe              |     8 |    10 |     3 ||    21
Dodge: Dodged            |    21 |    40 |    15 ||    76

Table legend: (Time is in decaauts)
 A = Elapsed time spent in this place.
 B = Non-inter-level travel time spent in this place.
 C = Inter-level travel time spent in this place.
 D = Time resting spent in this place.
 E = Time spent auto-exploring this place.
 F = Levels seen in this place.
 G = Mean time per level.
                   A        B        C        D        E       F      G
               +--------+--------+--------+--------+--------+-----+--------+
         Total |   6547 |   6399 |    148 |    281 |   5234 |   6 | 1091.2 |
       Dungeon |   6547 |   6399 |    148 |    281 |   5234 |   6 | 1091.2 |
               +--------+--------+--------+--------+--------+-----+--------+

Top non-repeatable levels by time:
     D:5: 1394 daAuts
     D:2: 1385 daAuts
     D:3: 1140 daAuts
     D:1: 1046 daAuts
     D:4: 869 daAuts
     D:6: 710 daAuts
